 Dungeon Crawl Stone Soup version 0.30.0-10-gfe55d96785 (webtiles) character file.

Game seed: 8234275564564939602

18 monsoonserge the Covered (level 3, 0/30 (31) HPs)
             Began as a Meteoran Fighter on May 15, 2023.
             Was an Initiate of Nemelex Xobeh.
             Slain by Crazy Yiuf
             ... wielding a +2 quarterstaff of chaos
              (2 damage)
             ... on level 2 of the Dungeon.
             The game lasted 00:03:38 (632 turns).

monsoonserge the Covered (Meteoran Fighter)          Turns: 632, Time: 00:03:40

HP:   0/30 (31)     AC:  8    Str: 23    XL:     3   Next: 8%
MP:   0/4           EV: 10    Int:  9    God:    Nemelex Xobeh [......]
Gold: 54            SH:  5    Dex: 14    Spells: 2/2 levels left

rFire   . . .        a - +0 flail
rCold   . . .        c - +0 buckler
rNeg    . . .        o - +3 ring mail of Marep {Str+4}
rPois   .            (no helmet)
rElec   .            (no cloak)
rCorr   .            (no gloves)
SInv    .            (no boots)
Will    .....        (no amulet)
Stlth   +            (no ring)
HPRegen 0.25/turn    (no ring)
MPRegen 0.09/turn

%: no passive effects
@: lethally poisoned (0 -> -4), glowing, lightly drained
A: sense surroundings 1, otherworldly, glowing, explore regen
a: Renounce Religion, Draw Escape, Draw Destruction, Draw Summoning


You were on level 2 of the Dungeon.
You worshipped Nemelex Xobeh.
Nemelex Xobeh was noncommittal.
You visited 1 branch of the dungeon, and saw 3 of its levels.

You collected 54 gold pieces.

Inventory:

Hand Weapons
 a - a +0 flail (weapon)
Missiles
 k - 4 javelins (quivered)
Armour
 b - a +0 scale mail
 c - a +0 buckler (worn)
 o - the +3 ring mail of Marep (worn) {Str+4}
   (You found it on level 2 of the Dungeon)

   Str:       It affects your strength (+4).
Magical Staves
 e - a staff of air
Jewellery
 j - an amulet of magic regeneration
Scrolls
 g - a scroll of enchant weapon {unknown}
 i - a scroll of enchant armour {unknown}
 n - a scroll of teleportation {unknown}
 p - a scroll of blinking {unknown}
Potions
 d - a potion of might
 f - a potion of heal wounds {unknown}
 h - a potion of attraction {unknown}
 l - a potion of curing {unknown}
 m - a potion of flight {unknown}


   Skills:
 + Level 3.6 Fighting
 + Level 3.1 Maces & Flails
 + Level 3.9 Armour
 + Level 3.9 Shields


You had 2 spell levels left.
You didn't know any spells.
Your spell library contained the following spells:

 Spells                   Type           Power      Damage    Failure   Level
 Dazzling Flash           Conj/Hex       0%         N/A       92%         3
 Volatile Blastmotes      Fire/Tloc      0%         2d10      92%         3
 Iskenderun's Mystic Bla  Conj/Tloc      0%         2d3       100%        4
 Starburst                Conj/Fire      0%         6d3       100%        6


Dungeon Overview and Level Annotations

Branches:
Dungeon (3/15) Zot: 1148

Altars:
Nemelex Xobeh

Shops:
D:1 :

Annotations:
D:2 Crazy Yiuf


Innate Abilities, Weirdness & Mutations

You passively map a small area around you.
You are easily found by Zot.
You glow in the dark.
You regain HP and MP as you explore.


Message History

You hit the kobold.
You kill the kobold!
There is a stone staircase leading up here.
You can't go down here!
You climb upwards.
There is a stone staircase leading down here.
Found a hammer.
Found a runed translucent door.
Crazy Yiuf shouts!
You open the door. You sock Crazy Yiuf!
Crazy Yiuf is heavily wounded.
You block Crazy Yiuf's attack.
Crazy Yiuf hits you with a +2 quarterstaff of chaos!
You are poisoned.
You hit Crazy Yiuf.
Crazy Yiuf is heavily wounded.
You feel very sick.
Crazy Yiuf twirls on the spot.
Crazy Yiuf hits you with a +2 quarterstaff of chaos.
Crazy Yiuf freezes you.
You hit Crazy Yiuf.
Crazy Yiuf is severely wounded.
You feel very sick. You block Crazy Yiuf's attack.
You hit Crazy Yiuf.
Crazy Yiuf is severely wounded.
You feel sick.
Crazy Yiuf hits you with a +2 quarterstaff of chaos!
* * * LOW HITPOINT WARNING * * *
You feel your power leaking away.
Unknown command.
Okay, then.
You hit Crazy Yiuf.
Crazy Yiuf is almost dead.
You feel sick.
Crazy Yiuf hits you with a +2 quarterstaff of chaos.
* * * LOW HITPOINT WARNING * * *
You feel drained.
You die...
Your body disappears without additional glow.

#.# #....#
#..#######
, #.#
##..##
#..# * ,
*.# #P...#
#..# , ,
##.P.#
#.######
,, , ##.##
#.....<# *
##.#
#.####.# ,
#.## #.#
#.# ##.#
#.# #.# ,
#@## #.#
#.# *#g#
#.# #.# *
...* #.#
#.# *
#...#
#.####.#
** , #)..#
#......#
..# ,*
#####
#.######
..# #.#
..# + #.#
..# #.#


You could see Crazy Yiuf.

Vanquished Creatures
  3 endoplasms
  4 goblins (D:1)
  3 kobolds
  A quokka (D:1)
  A ball python (D:1)
  A bat (D:2)
  2 frilled lizards (D:1)
  3 rats
18 creatures vanquished.

Notes
Turn   | Place    | Note
-------+----------+-------------------------------------------
     0 | D:1      | monsoonserge the Meteoran Fighter began the quest for the
                  | Orb.
     0 | D:1      | Reached XP level 1. HP: 19/19 MP: 2/2
    97 | D:1      | Reached XP level 2. HP: 16/26 MP: 3/3
    98 | D:1      | Found Tuqaanypp's Vocational Training.
   430 | D:2      | Identified the +3 ring mail of Marep {Str+4}
   494 | D:2      | Found a sparkling altar of Nemelex Xobeh.
   502 | D:2      | Became a worshipper of Nemelex Xobeh the Trickster
   526 | D:1      | Reached XP level 3. HP: 31/31 MP: 4/4
   621 | D:2      | Found a runed translucent door.
   624 | D:2      | Noticed Crazy Yiuf
   632 | D:2      | Slain by Crazy Yiuf

Illustrated notes

Levels and vault maps discovered:
D:1:      dpeg_arrival_round_c, layout_loops_cross, nicolae_shop_vocational
D:2:      layout_basic, basic_altar, uniq_crazy_yiuf_cottage
D:3:      layout_loops_ring, shapermc_ecumenical_altar_ellora, uniq_ijyb

Skill      XL: |  1  2 |
---------------+-------+-----
Maces & Flails | 3 |  3.1
Fighting       | |  3.6
Armour         | |  3.9
Shields        | |  3.9

Action                     || total
---------------------------++-------
  Melee: Flail             ||    53
 Armour: Scale mail        ||    19
         Ring mail         ||     1
  Dodge: Dodged            ||     9
  Block: Buckler           ||    15
